woodfighter, chaotic female orcish Barbarian --- ################ |@. #----- |.J ---------------- #....| #... |..<...........| #########|...| #-- |...............####### #|...+# # |..............| #-.---# # |..`.......^%..|#### ### # ## -----------|---- ###### # # # # ##### # # # # #### # # ### ---------# ## # # #####.......(|#### # # ## # |.....%.|# # #---------# ---.---- ### |.......-# # #........|# |******| ## --------- ####|.......|# |******+%# #|.......|# |******| .........# -------- --------- woodfighter the Barbarian Experience level: 15 Strength: 18/03 Dexterity: 16 Constitution: 18 Intelligence: 7 Wisdom: 7 Charisma: 4 Health: 0(134) Energy: 33(33) Def: 16 Gold: 0 Moves: 21121 Dungeon seed [set]: Game ID: woodfighter_1679240864 Your Inventory: Amulets A - an uncursed amulet of reflection (being worn) Weapons a - a blessed rusty corroded +1 battle-axe (weapon in hands) g - a blessed +4 dagger named Dagger of Truth j - an uncursed +0 elven dagger S - 5 uncursed +0 daggers (in quiver) Armor w - an uncursed +0 pair of jumping boots (being worn) z - an uncursed +0 dwarvish mithril-coat (being worn) C - an uncursed +0 cloak of invisibility (being worn) N - an uncursed +0 dented pot (being worn) Y - an uncursed +0 pair of leather gloves (being worn) Comestibles c - 4 uncursed food rations D - a cursed tin of spinach P - an uncursed tin of spinach Z - an uncursed lizard corpse Rings B - an uncursed ring of shock resistance (on right hand) R - an uncursed ring of polymorph control (on left hand) Wands d - an uncursed wand of lightning (0:1) f - an uncursed wand of fire (0:4) Tools m - an uncursed magic lamp q - an uncursed -1 unicorn horn s - an uncursed bag of holding t - an uncursed +0 pick-axe (alternate weapon; not wielded) y - an uncursed iron key W - an uncursed blindfold Gems e - 2 uncursed amethysts n - an uncursed luckstone Contents of the bag of holding: 2241 gold pieces a [uncursed] amulet of ESP a [uncursed] amulet of magical breathing an uncursed [+0] mummy wrapping an uncursed egg a [uncursed] [centipede] egg a [uncursed] lizard corpse 3 uncursed sprigs of wolfsbane a [uncursed] scroll of blank paper a [blessed] scroll of blank paper a [blessed] scroll of create monster an uncursed scroll of destroy armor a [blessed] scroll of identify a [uncursed] scroll of light a [uncursed] scroll of remove curse a [uncursed] scroll of stinking cloud an uncursed potion of blindness a [cursed] potion of confusion an uncursed potion of enlightenment 2 [uncursed] potions of oil a [cursed] potion of paralysis a [uncursed] oil lamp [0:1465] an uncursed [+0] unicorn horn 2 [uncursed] fluorites a [uncursed] worthless piece of black glass a [uncursed] worthless piece of green glass 2 [uncursed] worthless pieces of orange glass Spells and supernatural/magical abilities: Name Level Category Fail Memory W - pray for help -- divine ? -- Y - supernatural jump -- ability ? -- Your skills at the end: Miscellaneous Skills bare handed combat [Basic] stealth [Basic] Weapon Skills dagger [Basic] axe [Master] two-handed sword [Basic] Spellcasting Skills Final Attributes: You were piously aligned. You were cold resistant. You were sleep resistant. You were shock resistant. You were poison resistant. Your writing hand was ok. You saw invisible. You were telepathic. You had infravision. You were invisible to others. You were somewhat stealthy. You could jump. You were protected. You had polymorph control. You had reflection. You were lucky. You had extra luck. Bad luck did not time out for you. Good luck did not time out for you. You are dead. Vanquished creatures: a green dragon a glass golem a gryphon 2 vampire lords a captain 2 nurses a lurker above a vampire a ghost an ettin 2 giant mimics 3 ice trolls a grizzly bear 2 wumpuses 2 long worms a couatl 3 stalkers an earth elemental a black naga 4 giant zombies 2 sergeants 2 winter wolves a quantum mechanic a small mimic an island nymph a glass piercer a warhorse an electric eel 4 ettin mummies a brown bear 2 wood golems a werebear 2 large dogs a stinking sphere 2 freezing spheres 3 flaming spheres 3 shocking spheres a large cat a gargoyle 3 dwarf kings a tengu 3 ochre jellies 3 chameleons 3 leocrottas an energy vortex a mountain centaur 2 human mummies a cobra a black bear 4 wraiths 3 ettin zombies 3 leather golems 2 succubi 3 incubi 45 cockatrices a wolf 9 winter wolf cubs a black light 2 lynxes a panther 87 leprechauns a quivering blob 3 lizards an orc-captain a mumak 5 giant spiders 2 scorpions an iron piercer a horse 5 vampire bats 6 gnome kings 2 piranhas 9 giant eels 3 orc mummies an ogre a brown pudding a Green-elf 3 rust monsters 3 owlbears 2 yetis a gold golem 5 werewolves 3 chickatrices a housecat 3 jaguars 3 dwarf lords 5 blue jellies 2 water nymphs a white unicorn a gray unicorn 2 dust vortices 4 ravens a gnome mummy 2 apes 4 soldier ants 9 fire ants 5 yellow lights 2 bugbears an imp 3 baby crocodiles a wood nymph an Uruk-hai 2 rock moles a rock piercer 2 ponies 4 fog clouds a shrieker 5 violet fungi 14 gnome lords 11 gnomish wizards 3 kobold mummies 2 golden naga hatchlings 3 gray oozes an elf zombie a ghoul a straw golem 5 paper golems 4 giant ants a puppy 5 floating eyes 6 kittens 20 dwarves a quasit 3 kobold lords 3 kobold shamans 9 iguanas 3 hill orcs 11 rothes 3 rabid rats 3 centipedes 3 jitterbugs 5 giant bats a monkey an orc zombie 5 dwarf zombies a wererat 3 werejackals 15 killer bees 2 coyotes 3 gas spores 6 hobbits 4 acid blobs 2 large kobolds 3 geckos a hobgoblin 2 giant rats 4 brown molds 9 yellow molds a green mold 5 red molds 58 gnomes 25 garter snakes 2 gnome zombies 15 jackals 2 foxes 2 kobolds 6 newts a goblin 11 sewer rats 18 grid bugs 8 bats 11 lichens 717 creatures vanquished. Voluntary challenges: You did not cause conflict. You were not displaced. You donated to temples 3 times (receiving 6 points of protection), starting on turn 8965. You received temple protection 3 times, starting on turn 8965. You used a wielded weapon 1287 times, starting on turn 12. You did not use plumbed fixtures. You did not drink any magical draughts. You read items or engraved 6 times, starting on turn 3643. You never genocided any monsters. You never polymorphed an object. You never changed form. You completed Sokoban on turn 7121, according to the rules. You used no wishes. You did not use any artifacts. You never split a pudding. You never wrote Elbereth's name. You never violated your personal moral code. You enabled loading special bones files. Dungeon overview: The Dungeons of Doom: levels 1 to 23 Level 1 a long staircase Level 2 a vault, a general store, an altar to Set, a fountain Level 3 a fountain Level 4 a general store, an altar to Mitra stairs to The Gnomish Mines Level 5 (water) a general store, a fountain Level 6 Level 7 some fountains Level 8 Level 9 many fountains Level 10 a fountain stairs to Sokoban Level 11 a fountain Level 12 Level 13 an altar to Crom Level 14 Level 15 Level 16 (rogue) Level 17 (water) Level 18 a fountain Level 19 an empty vault Level 20 a vault, some fountains Level 21 an altar to Mitra, a fountain, a sink Level 22 Level 23 <- You were here a vault The Gnomish Mines: levels 5 to 13 Level 5 stairs to The Dungeons of Doom Level 6 Level 7 many shops, a temple to Crom, a magic chest, some fountains Level 8 Level 9 Level 10 (black unicorn) Level 11 Level 12 Level 13 a magic chest, some fountains Sokoban: levels 6 to 9 Level 6 a magic chest Level 7 Level 8 Level 9 an altar to Crom, a magic chest stairs to The Dungeons of Doom History has recorded: On T:1 you entered the Dungeons of Doom to retrieve the Amulet of Yendor! On T:155 you reached level 2 of The Dungeons of Doom. On T:306 you reached level 3 of The Dungeons of Doom. On T:839 you advanced to experience level 2. On T:982 you reached level 4 of The Dungeons of Doom. On T:1106 you advanced to experience level 3. On T:1128 you reached level 1 of The Gnomish Mines. On T:1201 you reached level 5 of The Dungeons of Doom. On T:1809 you advanced to experience level 4. On T:1873 you reached level 6 of The Dungeons of Doom. On T:2324 you advanced to experience level 5. On T:2582 you reached level 7 of The Dungeons of Doom. On T:2702 you advanced to experience level 6. On T:3630 you reached level 8 of The Dungeons of Doom. On T:3723 you reached level 9 of The Dungeons of Doom. On T:3781 you advanced to experience level 7. On T:3997 you reached level 10 of The Dungeons of Doom. On T:4281 you prayed to Set. On T:4428 you reached level 11 of The Dungeons of Doom. On T:4532 you reached level 4 of Sokoban. On T:4599 you advanced to experience level 8. On T:4667 you opened a magic chest. On T:4930 you reached level 3 of Sokoban. On T:5360 you reached level 2 of Sokoban. On T:5829 you reached level 1 of Sokoban. On T:7121 you advanced to experience level 9. On T:7121 you entered the Sokoban zoo. On T:7590 you prayed to Set. On T:8225 you reached level 2 of The Gnomish Mines. On T:8599 you reached level 3 of The Gnomish Mines. On T:8656 you reached level 4 of The Gnomish Mines. On T:8725 you advanced to experience level 10. On T:8748 you entered the Minetown temple On T:9169 you reached level 5 of The Gnomish Mines. On T:9594 you reached level 6 of The Gnomish Mines. On T:9938 you reached level 7 of The Gnomish Mines. On T:10331 you reached level 9 of The Gnomish Mines. On T:10331 you reached the bottom of the Mines. On T:10459 you reached level 8 of The Gnomish Mines. On T:12478 you reached level 12 of The Dungeons of Doom. On T:12920 you reached level 13 of The Dungeons of Doom. On T:13061 you reached level 14 of The Dungeons of Doom. On T:13270 you advanced to experience level 13. On T:13416 you reached level 15 of The Dungeons of Doom. On T:13603 you reached level 16 of The Dungeons of Doom. On T:13603 you entered the Rogue tribute level. On T:14412 you reached level 17 of The Dungeons of Doom. On T:15165 you reached level 19 of The Dungeons of Doom. On T:15619 you reached level 20 of The Dungeons of Doom. On T:15906 you reached level 21 of The Dungeons of Doom. On T:16018 you advanced to experience level 14. On T:19649 you reached level 22 of The Dungeons of Doom. On T:19837 you advanced to experience level 15. On T:20151 you reached level 23 of The Dungeons of Doom. Score breakdown: Gold: 2241 ( 224 points) Experience: 15 levels ( 1400 points) Exploration: 23 levels ( 660 points) Discoveries: 48 items ( 2000 points) Variety of kills: 162 monsters ( 2000 points) Major goal: Sokoban/Mines ( 1500 points) Survival: died (score multiplied by 3) Total score: 23352 Latest messages: The gryphon claws you! (2x) The gryphon pecks! The gryphon claws you! (2x) You swing your battle-axe in a tremendous arc. You smite the gryphon! The gryphon pecks! The gryphon misses. The gryphon claws you! The gryphon pecks! The gryphon claws you! (2x) You swing your battle-axe in a tremendous arc. You smite the gryphon! The gryphon pecks! The gryphon claws you! (2x) You swing your battle-axe in a tremendous arc. You smite the gryphon! The gryphon pecks! The gryphon claws you! The gryphon just misses! The gryphon misses. (2x) The gryphon just misses! You swing your battle-axe in a tremendous arc. You smite the gryphon! The gryphon pecks! The gryphon claws you! (2x) The gryphon pecks! You die... Final status: Goodbye woodfighter the Barbarian, killed by a gryphon... You died in The Dungeons of Doom on dungeon level 23 with 23352 points, and 2241 pieces of gold, after 21121 moves. You were level 15 with a maximum of 134 hit points when you died.